 Dungeon Crawl Stone Soup version 0.23.2-33-g5129a83184 (webtiles) character file.

Game seed: 10586531544356037300

341 Kold the Insei (level 6, -1/38 HPs)
             Began as an Octopode Transmuter on July 23, 2019.
             Succumbed to a worker ant's poison
             ... on level 4 of the Dungeon.
             The game lasted 00:06:39 (3794 turns).

Kold the Insei (Octopode Transmuter)                Turns: 3794, Time: 00:06:41

Health: -1/38      AC:  3    Str:  8 (11) XL:     6   Next: 56%
Magic:  9/9        EV: 16    Int: 15 (17) God:
Gold:   207        SH:  0    Dex: 12 (13) Spells: 5/9 levels left

rFire    + . .     SeeInvis .     - Unarmed
rCold    + . .     Gourm    .   (no shield)
rNeg     . . .     Faith    .   (helmet restricted)
rPois    +         Spirit   .   (no amulet)
rElec    +         Reflect  .   f - +2 ring of evasion
rCorr    +         Harm     .   s - ring of wizardry
MR       .....                  (no ring)
Stlth    +++.......             (no ring)
HPRegen  0.12/turn              (no ring)
MPRegen  0.11/turn              (no ring)
                                (no ring)
                                (no ring)

@: lethally poisoned (-1 -> -16), appendage (expiring), resistant
A: almost no armour, stealthy swim, amphibious, 8 rings, constrict 8, tentacle
spike 3, yellow scales 1, camouflage 1, clever 1, gelatinous body 1
a: End Transformation


You were on level 4 of the Dungeon.
You were not hungry.
One of your tentacles had a temporary spike.
You visited 1 branch of the dungeon, and saw 4 of its levels.

You collected 207 gold pieces.

Inventory:

Missiles
 a - 80 arrows
Armour
 n - a +3 buckler
Jewellery
 f - a +2 ring of evasion (left tentacle)
 s - a ring of wizardry (right tentacle)
Wands
 d - a wand of polymorph (9)
 u - a wand of clouds (6)
Scrolls
 b - 9 scrolls of identify
 i - a scroll of magic mapping
 o - 3 scrolls of fear
Potions
 e - 2 potions of flight
 k - a potion of lignification {unknown}
 m - a potion of degeneration
Comestibles
 c - 8 rations


   Skills:
 - Level 1.0 Fighting
 + Level 3.7 Dodging
 - Level 3.0 Stealth
 + Level 4.3 Unarmed Combat
 - Level 2.0 Spellcasting
 + Level 3.7 Transmutations
 + Level 2.3 Poison Magic


You had 5 spell levels left.
You knew the following spells:

 Your Spells              Type           Power        Failure   Level  Hunger
a - Beastly Appendage     Tmut           ##....       1%          1    #......
b - Spider Form           Tmut/Pois      ##........   8%          3    ###....

Your spell library contained the following spells:

 Spells                   Type           Power        Failure   Level  Hunger
 Sticks to Snakes         Tmut           ##......     3%          2    ###....
 Ice Form                 Ice/Tmut       #.......     38%         4    #####..
 Blade Hands              Tmut           ##........   45%         5    ######.


Dungeon Overview and Level Annotations

Branches:
Dungeon (4/15)
 Temple: D:4-7

Altars:
Trog


Innate Abilities, Weirdness & Mutations

You cannot wear most types of armour.
You are very stealthy in the water. (Stealth+)
You are amphibious.
You can wear up to eight rings at the same time.
You can use your tentacles to constrict eight enemies at once.
Your skin changes colour to match your surroundings (Stealth+).
Your rubbery body absorbs attacks. (AC +1, EV +1)
One of your tentacles bears a large vicious spike.
You are partially covered in yellow scales. (AC +2)
Your mind is acute. (Int +2)


Message History

You are more poisoned.
The worker ant poisons you!
You tentacle-slap the worker ant. You squeeze the worker ant.
The worker ant is heavily wounded.
You constrict the worker ant.
* * * LOW HITPOINT WARNING * * *
You feel sick. The worker ant bites you.
* * * LOW HITPOINT WARNING * * *
It was a potion of degeneration.
There was something very wrong with that liquid.
You feel weakened.
You feel dopey.
You feel clumsy.
You constrict the worker ant.
* * * LOW HITPOINT WARNING * * *
You feel sick. The worker ant barely misses you.
You release your grip on the worker ant.
* * * LOW HITPOINT WARNING * * *
You feel sick. The worker ant barely misses you.
It was a potion of resistance.
You feel protected.
Your transformation is almost over.
You die...

......# #.....#
#.....# #.....#
#$....#
.....#.....#
#....#.....#
#....+a@...#
#....#.....#
+....#.....+
#....##....#
#.....#....#.....#
#.....'....#.....+
#.....#....#.....#
##.....#..###.<...#
#...).##..#.......#


You could see a worker ant.

Vanquished Creatures
  An ogre (D:4)
  A scorpion (D:4)
  A centaur zombie (D:3)
  Jessica (D:2)
  Ijyb (D:3)
  4 adders
  An ooze (D:1)
  A worm (D:3)
  2 dart slugs (D:1)
  2 leopard geckos
  9 orcs
  A ball python (D:1)
  2 giant cockroaches (D:3)
  5 goblins
  5 hobgoblins
  6 jackals (D:3)
  A quokka (D:2)
  7 bats
  3 frilled lizards
  7 kobolds
  9 rats
70 creatures vanquished.

Vanquished Creatures (others)
  A wizard (D:3)
1 creature vanquished.

Grand Total: 71 creatures vanquished

Notes
Turn   | Place    | Note
-------+----------+-------------------------------------------
     0 | D:1      | Kold the Octopode Transmuter began the quest for the Orb.
     0 | D:1      | Reached XP level 1. HP: 13/13 MP: 3/3
    49 | D:1      | Reached XP level 2. HP: 18/18 MP: 3/5
    97 | D:1      | Reached skill level 1 in Stealth
   450 | D:1      | Reached XP level 3. HP: 15/23 MP: 6/6
  1702 | D:2      | Reached XP level 4. HP: 7/28 MP: 7/7
  1995 | D:3      | Noticed Jessica
  2002 | D:2      | Killed Jessica
  2545 | D:3      | Learned a level 3 spell: Spider Form
  2618 | D:3      | Reached XP level 5. HP: 24/33 MP: 8/8
  2850 | D:3      | Found a bloodstained altar of Trog.
  2951 | D:3      | Reached skill level 1 in Poison Magic
  3088 | D:3      | Reached skill level 4 in Unarmed Combat
  3181 | D:3      | Noticed Ijyb
  3197 | D:3      | Killed Ijyb
  3326 | D:3      | Noticed a wizard
  3328 | D:3      | Killed a wizard
  3455 | D:4      | Noticed an ogre
  3470 | D:4      | Killed an ogre
  3470 | D:4      | Reached XP level 6. HP: 17/38 MP: 9/9
  3652 | D:3      | Gained mutation: You have very sharp teeth. [potion of
                  | mutation]
  3652 | D:3      | Gained mutation: You are resistant to hostile enchantments.
                  | (MR+) [potion of mutation]
  3652 | D:3      | Gained mutation: You are somewhat resistant to further
                  | mutation. [potion of mutation]
  3653 | D:3      | Lost mutation: You are resistant to hostile enchantments.
                  | (MR+) [potion of mutation]
  3653 | D:3      | Lost mutation: You are somewhat resistant to further
                  | mutation. [potion of mutation]
  3653 | D:3      | Lost mutation: You have very sharp teeth. [potion of
                  | mutation]
  3653 | D:3      | Gained mutation: Scrolls take you a little longer to read.
                  | [potion of mutation]
  3653 | D:3      | Gained mutation: You occasionally shout uncontrollably at
                  | your foes. [potion of mutation]
  3653 | D:3      | Gained mutation: You evolve. [potion of mutation]
  3653 | D:3      | Gained mutation: One of your tentacles bears a spike.
                  | [potion of mutation]
  3691 | D:3      | Lost mutation: One of your tentacles bears a spike. [potion
                  | of mutation]
  3691 | D:3      | Lost mutation: Scrolls take you a little longer to read.
                  | [potion of mutation]
  3691 | D:3      | Gained mutation: You are surrounded by a mild repulsion
                  | field. (EV +2) [potion of mutation]
  3692 | D:3      | Lost mutation: You are surrounded by a mild repulsion
                  | field. (EV +2) [potion of mutation]
  3692 | D:3      | Lost mutation: You evolve. [potion of mutation]
  3692 | D:3      | Lost mutation: You occasionally shout uncontrollably at
                  | your foes. [potion of mutation]
  3692 | D:3      | Gained mutation: Your mind is acute. (Int +2) [potion of
                  | mutation]
  3692 | D:3      | Gained mutation: You are partially covered in yellow
                  | scales. (AC +2) [potion of mutation]
  3793 | D:4      | HP: 1/38 [poisoned by a worker ant]
  3794 | D:4      | Succumbed to a worker ant's poison

Skill      XL: |  1  2  3  4  5 |
---------------+----------------+-----
Stealth        | 1 2 3 |  3.0
Transmutations | 3 |  3.7
Dodging        | 3 |  3.7
Poison Magic   | 2 |  2.3
Unarmed Combat | 4 |  4.3
Fighting       | |  1.0
Spellcasting   | |  2.0

Action                   |  1- 3 |  4- 6 || total
-------------------------+-------+-------++-------
Melee: Unarmed           |    76 |   127 ||   203
       Tentacles         |    14 |    15 ||    29
       Constrict         |    25 |    32 ||    57
       Kick              |    11 |    28 ||    39
       Punch             |       |     1 ||     1
 Cast: Beastly Appendage |    17 |    15 ||    32
  Use: Potion            |     2 |     7 ||     9
       Scroll            |       |     7 ||     7
 Stab: Sleeping          |     5 |     5 ||    10
  Eat: Chunk             |     3 |     5 ||     8
       Ration            |       |     1 ||     1
Armor: Skin              |     6 |     5 ||    11
Dodge: Dodged            |    65 |   111 ||   176
